Map: Dreamcatcher LE

Players

Clem - Winner!

  • Race: Terran Terran
  • Spawn Location: 11:00

Poizon

  • Race: Protoss Protoss
  • Spawn Location: 5:00

Event: WCS Austin 2018

VOD

Have the link to the VOD?

Description

Time

  • Played on: June 1, 2018, 2:34 p.m.
  • Length: 7:30

All games in this series

Show
View Real Time Build Order
Export as new Build Order

Clem Terran - Winner!

Build Orders: Reaper Expand, MMM Bio 

Get SALT Encoding   

  12  0:00  SCV  
  13  0:13  SCV  
  14  0:17  Supply Depot  
  14  0:25  SCV  
  15  0:38  SCV  
  15  0:39  Barracks  
  16  0:44  Refinery  
  16  0:51  SCV  
  17  1:03  SCV  
  18  1:15  SCV  
  19  1:28  Orbital Command, Reaper  
  20  1:42  Command Center  
  20  1:52  Barracks  
  20  1:56  SCV  
  21  2:02  Barracks Reactor  
  21  2:06  Supply Depot  
  21  2:10  SCV  
  22  2:18  Barracks  
  22  2:23  SCV  
  23  2:35  SCV  
  24  2:38  Marine x2  
  24  2:39  Barracks Tech Lab  
  24  2:43  Engineering Bay  
  26  2:47  SCV  
  27  2:56  Marine x2  
  29  2:58  Stimpack  
  29  3:01  Orbital Command  
  29  3:05  Marine  
  30  3:11  Bunker  
  30  3:13  Marine  
  30  3:14  Marine  
  30  3:16  Marine  
  33  3:23  Marine  
  33  3:24  Terran Infantry Weapons Level 1  
  34  3:28  SCV  
  34  3:32  Marine  
  36  3:37  Marauder, Marine  
  36  3:40  SCV  
  40  3:44  Barracks Tech Lab  
  40  3:46  Supply Depot  
  40  3:47  SCV  
  40  3:50  Marine  
  40  3:52  SCV  
  42  3:59  Marauder, Missile Turret  
  42  4:00  Missile Turret  
  42  4:02  Marine  
  45  4:07  Marine  
  46  4:11  SCV, Combat Shields  
  46  4:12  SCV  
  46  4:15  Marine  
  49  4:20  Marine  
  49  4:21  Marine  
  50  4:25  Marine  
  50  4:26  Bunker  
  51  4:31  Supply Depot  
  51  4:32  Bunker  
  51  4:33  SCV  
  51  4:34  SCV  
  53  4:39  Marine  
  54  4:49  Supply Depot  
  54  4:52  Marine x3  
  54  4:53  SCV x2  
  54  4:54  Factory  
  54  4:57  Marine  
  60  5:01  Supply Depot  
  60  5:05  Refinery  
  60  5:07  Refinery  
  60  5:08  Concussive Shells  
  60  5:10  Marine  
  61  5:16  Marine  
  61  5:17  Marauder  
  64  5:22  SCV x2  
  64  5:28  Marine  
  67  5:29  Refinery, Marine  
  67  5:34  Marine, SCV  
  70  5:38  Marine  
  70  5:40  Supply Depot  
  71  5:46  Marine  
  71  5:48  Starport  
  72  5:50  SCV  
  72  5:53  SCV  
  72  5:56  Factory Reactor  
  74  5:58  Marine  
  75  6:05  SCV x2  
  77  6:12  Marauder  
  77  6:13  Marine  
  77  6:16  Marine  
  81  6:18  SCV  
  81  6:25  Supply Depot  
  82  6:33  Barracks x2  
  82  6:38  Marauder x2  
  82  6:39  Factory Reactor  
  86  6:46  Medivac x2, Marine x2  
  92  6:50  Supply Depot  
  92  6:51  Supply Depot  
  92  6:57  SCV x2  
  94  7:09  Supply Depot  
  94  7:10  Marine  
  94  7:11  Marine  
  94  7:12  SCV  
  94  7:15  SCV  
  87  7:24  Barracks Tech Lab  
  87  7:25  Barracks Reactor  
Show
View Real Time Build Order
Export as new Build Order

Poizon Protoss 

Build Orders: 1 Gate Expand 

Get SALT Encoding   

  12  0:01  Probe  
  13  0:13  Probe  
  14  0:18  Pylon  
  14  0:25  Probe  
  15  0:37  Probe  
  15  0:38  Gateway  
  16  0:43  Assimilator  
  16  0:49  Probe  
  17  1:01  Probe  
  18  1:24  Nexus  
  18  1:32  Probe  
  19  1:33  Cybernetics Core  
  19  1:38  Assimilator  
  19  1:46  Pylon  
  19  1:49  Probe  
  20  2:01  Adept, Probe  
  23  2:17  Robotics Facility  
  23  2:35  Probe  
  24  2:42  Pylon  
  24  2:47  Probe  
  25  2:53  Gateway  
  25  2:55  Shield Battery  
  25  2:56  Warp Gate  
  25  2:59  Probe  
  26  3:09  Immortal  
  26  3:11  Probe  
  27  3:15  Probe  
  30  3:40  Immortal  
  30  3:43  Probe  
  30  3:48  Pylon  
  31  3:54  Probe  
  36  4:06  Gateway  
  36  4:07  Probe  
  37  4:10  Sentry  
  37  4:15  Adept  
  41  4:18  Probe  
  41  4:22  Observer  
  43  4:43  Gateway, Immortal  
  47  5:07  Probe  
  48  5:18  Robotics Facility, Probe  
  49  5:23  Robotics Bay  
  49  5:24  Adept x2  
  49  5:25  Adept  
  55  5:28  Probe  
  55  5:31  Probe  
  57  5:40  Probe  
  57  5:41  Shield Battery  
  57  5:42  Assimilator x2  
  58  5:43  Stalker, Probe  
  61  5:53  Probe  
  62  6:00  Pylon  
  62  6:04  Pylon  
  62  6:18  Probe x2  
  64  6:26  Disruptor  
  64  6:30  Adept, Observer  
  64  6:31  Adept x3  
  78  6:39  Probe x2  
  77  6:49  Twilight Council, Pylon  
  77  7:00  Shield Battery  
  77  7:01  Pylon  
  77  7:02  Shield Battery  
  77  7:08  Probe  
  73  7:17  Adept  
  73  7:20  Adept  
Tags
 
Add a new tag
Caveats
  • Supply blocks, unpowered buildings, or Contaminate may cause inaccurate times.
  • Supply counts are checked every 10 seconds.